 Seeded DCSS version 0.28-a0-1616-g050a50673c (webtiles) character file.

Game seed: 11282653185525437147 (custom seed)

3 innerfire433 the Ruffian (level 1, 0/18 HPs)
             Began as a Djinni Wanderer on Jan 22, 2022.
             Slain by a ball python (3 damage)
             ... on level 1 of the Dungeon.
             The game lasted 00:00:17 (276 turns).

innerfire433 the Ruffian (Djinni Wanderer)           Turns: 276, Time: 00:00:17

Health: 0/18       AC:  3    Str: 13    XL:     1   Next: 55%
Gold:   27         EV: 11    Int: 13    God:
                   SH:  0    Dex: 10

rFire   + + .      SeeInvis .   a - +0 falchion
rCold   x . .      Faith    .   (no shield)
rNeg    . . .      Spirit   .   e - +0 robe
rPois   ∞          Reflect  .   (no helmet)
rElec   .          Harm     .   d - +0 cloak
rCorr   .          Rampage  .   (no gloves)
Will    .....                   (boots unavailable)
Stlth   +.........              (no amulet)
HPRegen 0.06/turn               (no ring)
MPRegen 0.00/turn               (no ring)

@: flying
A: sickness immunity, fire resistance 2, cold vulnerability 1, float, innate
caster, hp casting, extra vitality 1
a: no special abilities


You were on level 1 of the Dungeon.
You visited 1 branch of the dungeon, and saw 1 of its levels.

You collected 27 gold pieces.

Inventory:

Hand Weapons
 a - a +0 falchion (weapon)
Armour
 d - a +0 cloak (worn)
 e - a +0 robe (worn)
Scrolls
 f - a scroll of magic mapping {unknown}
 g - a scroll of enchant armour {unknown}
Potions
 b - a potion of heal wounds
 c - a potion of haste


   Skills:
 + Level 2.0 Fighting
 + Level 1.8 Long Blades
 + Level 1.0 Armour
 + Level 1.0 Stealth
 + Level 3.0 Unarmed Combat
 + Level 1.0 Invocations


You couldn't memorise any spells.
You didn't know any spells.
Your spell library was empty.

Dungeon Overview and Level Annotations

Branches:
Dungeon (1/15)

Altars:


Innate Abilities, Weirdness & Mutations

You are immune to sickness and miasma.
You are immune to poison.
Your flesh is very heat resistant. (rF++)
You are vulnerable to cold. (rC-)
You float through the air rather than walking.
You learn spells naturally, not from books.
Your magical power is your life essence.
You have superior vitality. (+4 MHP)


Message History

a +0 short sword; a kobold corpse HP restored.
You now have 11 gold pieces.
f - a scroll labelled OBLOKOCOEXT You now have 27 gold pieces (gained 16).
Found 20 stones.
g - a scroll labelled DOMIUM AZXYCZO An endoplasm comes into view.
An endoplasm is nearby!
A goblin comes into view. It is wielding a +0 dagger.
The goblin shouts!
The endoplasm quivers.
A ball python comes into view.
The goblin hits you with a +0 dagger.
You closely miss the goblin.
The ball python hisses angrily.
The goblin closely misses you.
You hit the goblin.
The goblin is moderately wounded.
The goblin hits you but does no damage. The goblin closely misses you.
You hit the goblin but do no damage.
The goblin is moderately wounded.
The endoplasm hits you. The goblin hits you with a +0 dagger.
You barely miss the goblin.
The goblin is moderately wounded.
The endoplasm freezes you.
You are frozen!
You feel a terrible chill!
* * * LOW HITPOINT WARNING * * *
The goblin barely misses you. The endoplasm barely misses you.
You are too injured to fight recklessly!
You are too injured to fight recklessly!
You are too injured to fight recklessly!
You are too injured to fight recklessly!
You slash the goblin!
You kill the goblin!
The ball python closely misses you. The ball python barely misses you.
The endoplasm hits you.
* * * LOW HITPOINT WARNING * * *
You closely miss the ball python. The ball python bites you.
You die...

... ... #.....
... .... ....
J........ ..#...#
.$....#
###.#####.##..#
......S@J.....#
#####.#####.....#
......#.###.....#
..........#.....#
................#
#######.###.....#
#.........#.....#
##.####.#.#.....#
#.#.#.....#


You could see an endoplasm and a ball python.

Vanquished Creatures
  An endoplasm (D:1)
  A goblin (D:1)
  A kobold (D:1)
3 creatures vanquished.

Notes
Turn   | Place    | Note
-------+----------+-------------------------------------------
     0 | D:1      | innerfire433 the Djinni Wanderer began the quest for the
                  | Orb.
     0 | D:1      | Reached XP level 1. HP: 18/18 MP: 0/0
   276 | D:1      | Slain by a ball python

Illustrated notes

Levels and vault maps discovered:
D:1:      dpeg_arrival_fog, layout_basic, serial_bayou_pond_a

Action                   || total
-------------------------++-------
Melee: Falchion          ||    14
Armor: Robe              ||     4
Dodge: Dodged            ||    11

Table legend: (Time is in decaauts)
 A = Elapsed time spent in this place.
 B = Non-inter-level travel time spent in this place.
 C = Inter-level travel time spent in this place.
 D = Time resting spent in this place.
 E = Time spent auto-exploring this place.
 F = Levels seen in this place.
 G = Mean time per level.
                   A        B        C        D        E       F      G
               +--------+--------+--------+--------+--------+-----+--------+
         Total |    278 |    278 |      0 |      0 |    247 |   1 |  278.0 |
       Dungeon |    278 |    278 |      0 |      0 |    247 |   1 |  278.0 |
               +--------+--------+--------+--------+--------+-----+--------+

Top non-repeatable levels by time:
     D:1: 278 daAuts
